SA
SYRACUSE STORM @ HIGHWOOD HAWKS
08/10/2021
 
TOP OF THE 1ST
Syracuse Storm batting - Pitching for Highwood Hawks : RHP Enrique Bernal
Pitching: RHP Enrique Bernal
Batting: RHB Noah Smith 0-0: Ball
1-0: Ball
2-0: Foul Ball, location: 2F
2-1: Bunt missed!
2-2: Ball
3-2: Base on Balls
Batting: LHB Carlos Garza 0-0: Ball
1-0: Ball
2-0: Swinging Strike
2-1: Ball
3-1: Fielders Choice at 2nd, 1-6 (Groundball, 15)
Batting: RHB Juan Salinas 0-0: Called Strike
0-1: Fly out, F9 (Flyball, 9M)
Batting: LHB Mario Ramos 0-0: Ball
Carlos Garza steals 2nd base
1-0: Called Strike
1-1: Ball
2-1: Ball
3-1: Base on Balls
Batting: RHB Carlos Maldonado 0-0: Ball
1-0: Ground out 5-3 (Groundball, 5L)
Top of the 1st over - 0 run(s), 0 hit(s), 0 error(s), 2 left on base; Syracuse 0 - Highwood 0
BOTTOM OF THE 1ST
Highwood Hawks batting - Pitching for Syracuse Storm : RHP António Marés
Pitching: RHP António Marés
Batting: RHB António Sánchez 0-0: Called Strike
0-1: Ball
1-1: Ground out 6-3 (Groundball, 6)
Batting: RHB Marcox Fiadeiro 0-0: Ball
1-0: Swinging Strike
1-1: Foul Ball, location: 2F
1-2: Ball
2-2: Fly out, F8 (Flyball, 8RM)
Batting: LHB José Vela 0-0: Ball
1-0: Swinging Strike
1-1: Foul Ball, location: 2F
1-2: Ground out 1-3 (Groundball, 13S)
Bottom of the 1st over - 0 run(s), 0 hit(s), 0 error(s), 0 left on base; Syracuse 0 - Highwood 0
TOP OF THE 2ND
Syracuse Storm batting - Pitching for Highwood Hawks : RHP Enrique Bernal
Batting: RHB Sung-min Pae 0-0: Foul Ball, location: 2F
0-1: Ball
1-1: Ball
2-1: Foul Ball, location: 2F
2-2: Foul Ball, location: 2F
2-2: Ball
3-2: Foul Ball, location: 2F
3-2: Fly out, F3 (Popup, 23F)
Batting: LHB Joaquín Rangel 0-0: Ground out 3-1 (Groundball, 34S)
Batting: SHB Pancho De La Rosa 0-0: Called Strike
0-1: Ball
1-1: Swinging Strike
1-2: Ball
2-2: Strikes out swinging
Top of the 2nd over - 0 run(s), 0 hit(s), 0 error(s), 0 left on base; Syracuse 0 - Highwood 0
BOTTOM OF THE 2ND
Highwood Hawks batting - Pitching for Syracuse Storm : RHP António Marés
Batting: RHB Gerardo Castillo 0-0: Called Strike
0-1: Called Strike
0-2: Foul Ball, location: 2F
0-2: Strikes out swinging
Batting: RHB Wilson Pérez 0-0: Called Strike
0-1: Ball
1-1: Foul Ball, location: 2F
1-2: Foul Ball, location: 2F
1-2: Strikes out swinging
Batting: LHB Perry Bothof 0-0: SOLO HOME RUN (Flyball, 9LD), Distance : 365 ft
Batting: LHB Raúl Aguirre 0-0: Ball
1-0: Ball
2-0: Ball
3-0: Called Strike
3-1: Ground out U3 (Groundball, 3)
Bottom of the 2nd over - 1 run(s), 1 hit(s), 0 error(s), 0 left on base; Syracuse 0 - Highwood 1
TOP OF THE 3RD
Syracuse Storm batting - Pitching for Highwood Hawks : RHP Enrique Bernal
Batting: RHB Stefano Gaddi 0-0: Ball
1-0: Foul Ball, location: 2F
1-1: Foul Ball, location: 2F
1-2: Strikes out looking
Batting: RHB Noah Smith 0-0: Foul Ball, location: 2F
0-1: Ball
1-1: SINGLE (Line Drive, 6MD)
Batting: LHB Carlos Garza 0-0: Ball
1-0: Grounds into double play, U4-3 (Groundball, 4)
Top of the 3rd over - 0 run(s), 1 hit(s), 0 error(s), 0 left on base; Syracuse 0 - Highwood 1
BOTTOM OF THE 3RD
Highwood Hawks batting - Pitching for Syracuse Storm : RHP António Marés
Batting: RHB Geoffrey Broekhuizen 0-0: Ground out 6-3 (Groundball, 6)
Batting: RHB Júlio Becerra 0-0: Called Strike
0-1: Ground out 6-3 (Groundball, 6)
Batting: RHB António Sánchez 0-0: Swinging Strike
0-1: Ball
1-1: Foul Ball, location: 2F
1-2: Foul Ball, location: 2F
1-2: Foul Ball, location: 2F
1-2: Ball
2-2: Foul Ball, location: 2F
2-2: SINGLE (Line Drive, 9S)
Batting: RHB Marcox Fiadeiro 0-0: Ball
1-0: Ball
2-0: Ball
3-0: Base on Balls
António Sánchez to second
Batting: LHB José Vela 0-0: Ball
1-0: Ball
2-0: SINGLE (Flyball, 8RS)
António Sánchez to third
Marcox Fiadeiro to second
Runner from 3rd tries for Home, SAFE, no throw or cutoff
Batting: RHB Gerardo Castillo 0-0: Called Strike
0-1: Ball
1-1: Foul Ball, location: 2F
1-2: Strikes out swinging
Bottom of the 3rd over - 1 run(s), 2 hit(s), 0 error(s), 2 left on base; Syracuse 0 - Highwood 2
TOP OF THE 4TH
Syracuse Storm batting - Pitching for Highwood Hawks : RHP Enrique Bernal
Batting: RHB Juan Salinas 0-0: SINGLE (Groundball, 15) (infield hit)
Batting: LHB Mario Ramos 0-0: Called Strike
0-1: Swinging Strike
0-2: Ball
1-2: Strikes out looking
Batting: RHB Carlos Maldonado 0-0: Ball
1-0: Called Strike
1-1: Ball
2-1: Foul Ball, location: 2F
2-2: Fly out, F7 (Flyball, 7M)
Batting: RHB Sung-min Pae 0-0: Ball
1-0: Foul Ball, location: 2F
1-1: Called Strike
1-2: Ground out 4-3 (Groundball, 4)
Top of the 4th over - 0 run(s), 1 hit(s), 0 error(s), 1 left on base; Syracuse 0 - Highwood 2
BOTTOM OF THE 4TH
Highwood Hawks batting - Pitching for Syracuse Storm : RHP António Marés
Batting: RHB Wilson Pérez 0-0: Ball
1-0: Ball
2-0: Ball
3-0: Foul Ball, location: 2F
3-1: Swinging Strike
3-2: Strikes out swinging
Batting: LHB Perry Bothof 0-0: Fly out, F8 (Flyball, 89M)
Batting: LHB Raúl Aguirre 0-0: SINGLE (Line Drive, 34)
Batting: RHB Geoffrey Broekhuizen 0-0: Foul Ball, location: 2F
0-1: Ball
Throwing error on steal attempt, E2
Raúl Aguirre to third
1-1: Foul Ball, location: 2F
1-2: Ball
2-2: Foul Ball, location: 2F
2-2: Ball
Wild Pitch!
Raúl Aguirre scores
3-2: Strikes out swinging
Bottom of the 4th over - 1 run(s), 1 hit(s), 1 error(s), 0 left on base; Syracuse 0 - Highwood 3
TOP OF THE 5TH
Syracuse Storm batting - Pitching for Highwood Hawks : RHP Enrique Bernal
Batting: LHB Joaquín Rangel 0-0: Swinging Strike
0-1: Swinging Strike
0-2: Strikes out swinging
Batting: SHB Pancho De La Rosa 0-0: Fly out, F1 (Popup, 15S)
Batting: RHB Stefano Gaddi 0-0: Ball
1-0: Ball
2-0: Called Strike
2-1: Ball
3-1: Foul Ball, location: 2F
3-2: Foul Ball, location: 2F
3-2: Strikes out swinging
Top of the 5th over - 0 run(s), 0 hit(s), 0 error(s), 0 left on base; Syracuse 0 - Highwood 3
BOTTOM OF THE 5TH
Highwood Hawks batting - Pitching for Syracuse Storm : RHP António Marés
Batting: RHB Júlio Becerra 0-0: Swinging Strike
0-1: DOUBLE (Groundball, 5L)
Batting: RHB António Sánchez 0-0: Ball
1-0: Sac Bunt - play at first, batter OUT! 1-4
Júlio Becerra to third
Batting: RHB Marcox Fiadeiro 0-0: Called Strike
0-1: Fly out, F8 (Line Drive, 8LS)
Batting: LHB José Vela 0-0: Ball
1-0: Foul Ball, location: 2F
1-1: Ground out 4-3 (Groundball, 4)
Bottom of the 5th over - 0 run(s), 1 hit(s), 0 error(s), 1 left on base; Syracuse 0 - Highwood 3
TOP OF THE 6TH
Syracuse Storm batting - Pitching for Highwood Hawks : RHP Enrique Bernal
Batting: RHB Noah Smith 0-0: Called Strike
0-1: Foul Ball, location: 2F
0-2: SINGLE (Groundball, 6D)
Batting: LHB Carlos Garza 0-0: Called Strike
0-1: Ball
1-1: Fly out, F9 (Flyball, 89M)
Batting: RHB Juan Salinas 0-0: Ball
1-0: Called Strike
1-1: Swinging Strike
1-2: Foul Ball, location: 2F
1-2: SINGLE (Flyball, 9LM)
Noah Smith to second
Runner from 2nd tries for 3rd, SAFE, no throw or cutoff
Batting: LHB Mario Ramos 0-0: Ball
1-0: Foul Ball, location: 2F
1-1: Fly out, F4 (Popup, 34D)
Batting: RHB Carlos Maldonado 0-0: Ball
1-0: Foul Ball, location: 2F
1-1: Fly out, F8 (Flyball, 8LM)
Top of the 6th over - 0 run(s), 2 hit(s), 0 error(s), 2 left on base; Syracuse 0 - Highwood 3
BOTTOM OF THE 6TH
Highwood Hawks batting - Pitching for Syracuse Storm : RHP António Marés
Batting: RHB Gerardo Castillo 0-0: Fly out, F8 (Popup, 4MD)
Batting: RHB Wilson Pérez 0-0: Ball
1-0: Called Strike
1-1: Ball
2-1: SINGLE (Line Drive, 78S)
Batting: LHB Perry Bothof 0-0: Ball
1-0: Foul Ball, location: 2F
1-1: Ball
2-1: Grounds into double play, 6-4-3 (Groundball, 6)
Bottom of the 6th over - 0 run(s), 1 hit(s), 0 error(s), 0 left on base; Syracuse 0 - Highwood 3
TOP OF THE 7TH
Syracuse Storm batting - Pitching for Highwood Hawks : RHP Enrique Bernal
Batting: RHB Sung-min Pae 0-0: Ball
1-0: Swinging Strike
1-1: Foul Ball, location: 2F
1-2: Ground out 1-3 (Groundball, 13S)
Batting: LHB Joaquín Rangel 0-0: Fly out, F7 (Flyball, 7LS)
Batting: SHB Pancho De La Rosa 0-0: Ball
1-0: Foul Ball, location: 2F
1-1: Ball
2-1: Called Strike
2-2: Ground out 6-3 (Groundball, 6M)
Top of the 7th over - 0 run(s), 0 hit(s), 0 error(s), 0 left on base; Syracuse 0 - Highwood 3
BOTTOM OF THE 7TH
Highwood Hawks batting - Pitching for Syracuse Storm : RHP António Marés
Batting: LHB Raúl Aguirre 0-0: Called Strike
0-1: Swinging Strike
0-2: Ball
1-2: Ball
2-2: Foul Ball, location: 2F
2-2: Strikes out swinging
Batting: RHB Geoffrey Broekhuizen 0-0: Called Strike
0-1: Foul Ball, location: 2F
0-2: Strikes out swinging
Batting: RHB Júlio Becerra 0-0: SINGLE (Line Drive, 56)
Batting: RHB António Sánchez 0-0: Ball
1-0: Foul Ball, location: 2F
1-1: Foul Ball, location: 2F
1-2: Ball
2-2: Reached on error, E1 (Groundball, 15)
Júlio Becerra to second
Batting: RHB Marcox Fiadeiro 0-0: Ground out 5-3 (Groundball, 56)
Bottom of the 7th over - 0 run(s), 1 hit(s), 1 error(s), 2 left on base; Syracuse 0 - Highwood 3
TOP OF THE 8TH
Syracuse Storm batting - Pitching for Highwood Hawks : RHP Enrique Bernal
Batting: RHB Stefano Gaddi 0-0: DOUBLE (Line Drive, 78M)
Batting: RHB Noah Smith 0-0: Fly out, F8 (Line Drive, 8RM)
Batting: LHB Carlos Garza 0-0: Ground out 6-3 (Groundball, 6M)
Stefano Gaddi to third
Batting: RHB Juan Salinas 0-0: Ball
1-0: Ball
2-0: Fly out, F8 (Flyball, 8RM)
Top of the 8th over - 0 run(s), 1 hit(s), 0 error(s), 1 left on base; Syracuse 0 - Highwood 3
BOTTOM OF THE 8TH
Highwood Hawks batting - Pitching for Syracuse Storm : RHP António Marés
Batting: LHB José Vela Single, Error in OF, E7, batter to second base
Batting: RHB Gerardo Castillo 0-0: Ball
1-0: DOUBLE (Groundball, 5D)
José Vela scores
Batting: RHB Wilson Pérez 0-0: Intentional Walk
Batting: LHB Perry Bothof 0-0: Called Strike
0-1: Ball
1-1: Fly out, F5 (Popup, 5F)
Batting: LHB Raúl Aguirre 0-0: Ball
1-0: Foul Ball, location: 2F
1-1: Called Strike
1-2: Strikes out looking
Batting: RHB Geoffrey Broekhuizen 0-0: Ball
1-0: Ball
2-0: SINGLE (Groundball, 34)
Gerardo Castillo to third
Wilson Pérez to second
Runner from 3rd tries for Home, SAFE, no throw or cutoff
Batting: RHB Júlio Becerra 0-0: Ball
1-0: Fielders Choice at 2nd, U6 (Groundball, 6M)
Bottom of the 8th over - 2 run(s), 3 hit(s), 1 error(s), 2 left on base; Syracuse 0 - Highwood 5
TOP OF THE 9TH
Syracuse Storm batting - Pitching for Highwood Hawks : RHP Enrique Bernal
Now at 1B: Jeff Rutherford
Batting: LHB Mario Ramos 0-0: SINGLE (Groundball, 3S)
Pitching: RHP Jim Unknown
Batting: RHB Carlos Maldonado 0-0: Called Strike
0-1: SINGLE (Line Drive, 7S)
Mario Ramos to second
Batting: RHB Sung-min Pae 0-0: Called Strike
0-1: Called Strike
0-2: Ball
1-2: Grounds into double play, U6-3 (Groundball, 6)
Mario Ramos to third
Batting: LHB Joaquín Rangel 0-0: Ball
1-0: Called Strike
1-1: Ground out 3-1 (Groundball, 34)
Top of the 9th over - 0 run(s), 2 hit(s), 0 error(s), 1 left on base; Syracuse 0 - Highwood 5
This league is powered by Out of the Park Baseball, the baseball management simulation game for PC, Mac and Linux
Friday, January 22nd, 2016 - OOTP Baseball 16.9 Build 39